 Dungeon Crawl Stone Soup version 0.19.3-4-gbf9329e (console) character file.

7910 Kloppie the Protected (level 11, -2/87 HPs)
             Began as a Formicid Fighter on Jan 27, 2017.
             Was a Priest of Makhleb.
             Slain by a seven-headed hydra (6 damage)
             ... on level 1 of the Lair of Beasts.
             The game lasted 00:17:30 (10624 turns).

Kloppie the Protected (Formicid Fighter)           Turns: 10624, Time: 00:17:31

Health: -2/87      AC: 17    Str: 20    XL:     11   Next: 46%
Magic:  11/11      EV:  6    Int:  9    God:    Makhleb [***...]
Gold:   658        SH: 12    Dex: 13    Spells: 0 memorised, 10 levels left

rFire  . . .     SeeInvis +     b - +3 trident
rCold  . . .     Gourm    .     q - +2 plate armour
rNeg   . . .     Faith    .     c - +1 shield
rPois  +         Spirit   .     (helmet unavailable)
rElec  .         Reflect  .     (no cloak)
rCorr  .         Harm     .     (no gloves)
MR     +....                    (no boots)
Stlth  ..........               (no amulet)
                                h - ring of poison resistance
                                d - +2 ring of slaying

@: no status effects
A: permanent stasis, dig shafts and tunnels, four strong arms, antennae 3
a: Dig, Shaft Self, Minor Destruction, Lesser Servant of Makhleb, Renounce
Religion


You were on level 1 of the Lair of Beasts.
You worshipped Makhleb.
Makhleb was most pleased with you.
You were not hungry.

You visited 3 branches of the dungeon, and saw 12 of its levels.

You collected 658 gold pieces.

Inventory:

Hand Weapons
 a - a +1 broad axe
 b - a +3 trident (weapon)
 i - a +0 battleaxe
 s - a +0 war axe
Armour
 c - a +1 shield (worn)
 q - a +2 plate armour (worn)
Jewellery
 d - a +2 ring of slaying (left hand)
 h - a ring of poison resistance (right hand)
 w - an uncursed ring of resist corrosion
Wands
 l - a wand of slowing (26/48)
 m - a wand of disintegration (6/24)
 o - a wand of digging (15/24)
 p - a wand of lightning (7/15)
 y - a wand of digging (22/24)
 z - a wand of disintegration (11/24)
 A - a wand of hasting (4/9)
Scrolls
 e - 14 scrolls of identify
 g - a scroll of fear
 j - 7 scrolls of recharging
 r - a scroll of amnesia
 t - 2 scrolls of remove curse
 u - a scroll of magic mapping
Potions
 v - a potion of magic
Books
 x - a book of Callings

   Spells                             Type                      Level
   a - Summon Small Mammal            Summoning                    1
   b - Call Imp                       Summoning                    2
   c - Call Canine Familiar           Summoning                    3
   d - Summon Guardian Golem          Hexes/Summoning              3
   e - Summon Lightning Spire         Summoning/Air                4
   f - Summon Ice Beast               Ice/Summoning                4
Comestibles
 f - 3 bread rations
 n - a meat ration


   Skills:
 * Level 8.5 Fighting
 + Level 10.1 Axes
 - Level 11.1 Armour
 - Level 9.0 Shields


You had 10 spell levels left.
You didn't know any spells.

Dungeon Overview and Level Annotations

Branches:
Dungeon (10/15)            Temple (1/1) D:5            Lair (1/6) D:10
    Orc: D:9-12

Altars:
Ashenzari
Cheibriados
Dithmenos
Elyvilon
Fedhas
Gozag
Hepliaklqana
Kikubaaqudgha
Makhleb
Nemelex Xobeh
Okawaru
Qazlal
Ru
Sif Muna
Trog
Uskayaw
Vehumet
Xom
Yredelemnul
Zin
The Shining One

Shops:
D:10 (


Innate Abilities, Weirdness & Mutations

You are under a permanent stasis effect.
You can dig through walls and to a lower floor.
Your four strong arms can wield two-handed weapons with a shield.
You have a pair of large antennae on your head. (SInv)


Message History

* * * LOW HITPOINT WARNING * * *
The seven-headed hydra bites you but does no damage.
You block the seven-headed hydra's attack.
The seven-headed hydra bites you.
* * * LOW HITPOINT WARNING * * *
The seven-headed hydra bites you but does no damage. x2
You hit the seven-headed hydra.
The seven-headed hydra is severely wounded.
You block the seven-headed hydra's attack. x3
The seven-headed hydra bites you but does no damage. x2
The seven-headed hydra closely misses you.
The seven-headed hydra bites you.
* * * LOW HITPOINT WARNING * * *
You feel better.
The seven-headed hydra bites you but does no damage. x2
The seven-headed hydra bites you!
* * * LOW HITPOINT WARNING * * *
You block the seven-headed hydra's attack.
The seven-headed hydra bites you.
You die...

.. ..... .#.#.###...
.........# # .....#.#### .#
### #.......(..# # ###.# #..
#...♣...♣..## .#.#.# #.# #.
♣P....♣..# #...# #.#
....♣.♣....###..P## #.#
..=..>.....D@.....# ##.###
#....♣.♣...####....######.<..P
#..♣.P.PP♣.#.#................
.♣...♣...###..######P#...#.
.........###..# ####.###
#............# #.#
##.......#..## #.#
#.......##..# #.###
#P.##..###.## ##....


You could see a seven-headed hydra.

Vanquished Creatures
  Pikel (D:7)
  The ghost of letownia the Thaumaturge, a novice OpWz of Gozag (D:7)
  An ugly thing (D:9)
  A hill giant (D:10)
  A manticore (D:10)
  Joseph (D:8)
  A troll (D:7)
  Grinder (D:3)
  A hippogriff (D:8)
  A wyvern (D:9)
  A hungry ghost (D:9)
  Menkaure (D:5)
  2 wargs (D:9)
  A water moccasin (D:7)
  A porcupine (Lair:1)
  An orc warrior (D:9)
  A black bear (D:9)
  2 phantoms (D:9)
  2 sky beasts (D:10)
  4 ogres
  4 centaurs
  3 bullfrogs
  A scorpion (D:10)
  7 killer bees
  4 howler monkeys
  11 wights
  4 crimson imps
  2 centaur zombies (D:5)
  9 hounds
  2 bullfrog zombies
  A centaur skeleton (D:4)
  3 jellies
  3 orc priests
  3 bullfrog skeletons
  9 worker ants
  Ijyb (D:4)
  3 iguanas
  8 orc wizards
  A hound zombie (D:6)
  3 hound skeletons
  3 worker ant zombies
  8 gnolls
  8 adders
  A shadow imp (D:6)
  5 oozes
  2 adder skeletons (D:9)
  An adder zombie (D:8)
  A worm (D:2)
  A dart slug (D:2)
  4 leopard geckos
  22 orcs
  9 bats
  5 giant cockroaches
  14 goblins
  7 hobgoblins
  19 jackals
  8 quokkas
  A ball python (D:7)
  4 frilled lizards
  A jackal zombie (D:5)
  7 kobolds
  9 rats
248 creatures vanquished.

Vanquished Creatures (others)
  A slave (D:7)
  A worker ant (D:7)
  An orc (D:7)
3 creatures vanquished.

Grand Total: 251 creatures vanquished

Notes
Turn   | Place    | Note
-------+----------+-------------------------------------------
     0 | D:1      | Kloppie the Formicid Fighter began the quest for the Orb.
     0 | D:1      | Reached XP level 1. HP: 18/18 MP: 1/1
   272 | D:1      | Reached XP level 2. HP: 7/24 MP: 2/2
   647 | D:1      | Reached XP level 3. HP: 29/29 MP: 3/3
  1077 | D:2      | Reached XP level 4. HP: 22/35 MP: 4/4
  1247 | D:2      | Reached skill level 5 in Shields
  1987 | D:3      | Found a shadowy altar of Dithmenos.
  2149 | D:3      | Found a shattered altar of Ashenzari.
  2328 | D:3      | Noticed an ogre
  2330 | D:3      | Reached XP level 5. HP: 39/41 MP: 5/5
  2343 | D:3      | Killed an ogre
  2343 | D:3      | Reached XP level 6. HP: 34/47 MP: 6/6
  2601 | D:3      | Noticed Grinder
  2637 | D:3      | Killed Grinder
  2637 | D:3      | Reached XP level 7. HP: 43/52 MP: 7/7
  3587 | D:4      | Noticed Ijyb
  3622 | D:4      | Killed Ijyb
  3622 | D:4      | Reached skill level 5 in Axes
  3732 | D:4      | Reached XP level 8. HP: 58/58 MP: 8/8
  3748 | D:4      | Found a sacrificial altar of Ru.
  3896 | D:5      | Entered Level 5 of the Dungeon
  3913 | D:5      | Noticed Menkaure
  4086 | D:5      | Killed Menkaure
  4916 | D:5      | Found a staircase to the Ecumenical Temple.
  4923 | D:5      | Reached skill level 5 in Fighting
  5121 | Temple   | Entered the Ecumenical Temple
  5349 | Temple   | Became a worshipper of Makhleb the Destroyer
  5723 | D:6      | Reached XP level 9. HP: 52/71 MP: 9/9
  5788 | D:6      | Found a glowing drain.
  5812 | D:6      | Reached * piety under Makhleb
  5968 | D:6      | Found a blossoming altar of Fedhas.
  6772 | D:7      | Noticed a troll
  6774 | D:7      | Noticed letownia's ghost (novice OpWz)
  6779 | D:7      | Reached skill level 4 in Armour
  6792 | D:7      | Killed a troll
  6795 | D:7      | Reached skill level 5 in Armour
  6826 | D:7      | Killed letownia's ghost
  6826 | D:7      | Reached skill level 6 in Armour
  6826 | D:7      | Reached XP level 10. HP: 37/80 MP: 10/10
  7081 | D:7      | Noticed Pikel
  7090 | D:7      | Killed Pikel
  7090 | D:7      | Reached skill level 7 in Armour
  7154 | D:7      | Reached skill level 8 in Armour
  7317 | D:7      | Found a sparkling altar of Nemelex Xobeh.
  7360 | D:7      | Found a shimmering altar of Xom.
  7361 | D:7      | Found a hazy altar of Hepliaklqana.
  7362 | D:7      | Noticed a spectral ugly thing
  7396 | D:7      | Reached ** piety under Makhleb
  7433 | D:7      | Found a bloodstained altar of Trog.
  8035 | D:8      | Noticed Joseph
  8066 | D:8      | Killed Joseph
  8066 | D:8      | Reached skill level 9 in Armour
  8220 | D:8      | Found a stormy altar of Qazlal.
  8221 | D:8      | Found a glowing golden altar of the Shining One.
  8251 | D:8      | Found a white marble altar of Elyvilon.
  8697 | D:9      | Reached skill level 10 in Armour
  8782 | D:10     | Entered Level 10 of the Dungeon
  8789 | D:10     | Reached XP level 11. HP: 85/85 MP: 11/11
  8857 | D:10     | Reached *** piety under Makhleb
  9046 | D:10     | Found a staircase to the Lair.
  9049 | D:10     | Noticed a brown ugly thing
  9124 | D:9      | Killed a brown ugly thing
  9124 | D:9      | Reached skill level 11 in Armour
  9421 | D:9      | HP: 2/85 [warg (9)]
  9426 | D:9      | HP: 1/86 [orc wizard/dagger (1)]
  9814 | D:10     | Noticed a manticore
  9945 | D:10     | Killed a manticore
  9945 | D:10     | Reached skill level 10 in Axes
 10058 | D:10     | Noticed a hill giant
 10079 | D:10     | Killed a hill giant
 10143 | D:10     | Found Famoplas's Weapon Shoppe.
 10491 | Lair:1   | Entered Level 1 of the Lair of Beasts
 10605 | Lair:1   | Noticed a seven-headed hydra
 10624 | Lair:1   | HP: 4/87 [seven-headed hydra (9)]
 10624 | Lair:1   | Slain by a seven-headed hydra

Skill      XL: |  1  2  3  4  5  6  7  8  9 10 11 |
---------------+----------------------------------+-----
Shields        | 4 5 6 7 8 9 |  9.0
Axes           | 3 4 5 6 7 9 10 | 10.1
Fighting       | 6 7 8 |  8.5
Armour         | 6 10 11 | 11.1

Action                   |  1- 3 |  4- 6 |  7- 9 | 10-12 || total
-------------------------+-------+-------+-------+-------++-------
Melee: War axe           |   138 |   149 |   408 |   428 ||  1123
       Broad axe         |       |       |       |    12 ||    12
       Trident           |       |       |       |     8 ||     8
Evoke: Wand              |       |       |       |     5 ||     5
  Use: Potion            |       |     2 |    10 |     8 ||    20
       Scroll            |       |       |    12 |     7 ||    19
  Eat: Chunk             |     1 |     2 |    11 |     9 ||    23
       Bread ration      |       |     1 |       |       ||     1
       Royal jelly       |       |       |     1 |       ||     1
       Fruit             |       |       |       |     2 ||     2
       Beef jerky        |       |       |       |     2 ||     2
       Meat ration       |       |       |       |     1 ||     1
Armor: Scale mail        |    55 |       |       |       ||    55
       Plate armour      |    16 |   128 |   161 |   242 ||   547
       Skin              |       |     7 |    62 |       ||    69
Dodge: Dodged            |    45 |    22 |    80 |    92 ||   239
Block: Shield            |    95 |   121 |   303 |   315 ||   834
